 Dungeon Crawl Stone Soup version 0.30-a0-808-g6e0788376e (webtiles) character file.

Game seed: 14172981092241462198

412 bmack86 the Chopper (level 6, -5/56 HPs)
             Began as a Minotaur Fighter on Feb 26, 2023.
             Slain by Menkaure (18 damage)
             ... on level 4 of the Dungeon.
             The game lasted 00:05:42 (2522 turns).

bmack86 the Chopper (Minotaur Fighter)              Turns: 2522, Time: 00:05:43

Health: -5/56      AC: 10    Str: 23    XL:     6   Next: 59%
Magic:  5/5        EV:  9    Int:  5    God:
Gold:   148        SH:  4    Dex:  9    Spells: 5/5 levels left

rFire   . . .      SeeInvis .    a - +0 war axe
rCold   . . .      Faith    .    c - +0 buckler
rNeg    . . .      Spirit   .    b - +0 scale mail
rPois   .          Reflect  .    (helmet restricted)
rElec   .          Harm     .    f - +0 cloak
rCorr   .          Rampage  .    (no gloves)
Will    +....                    m - +1 pair of boots Stlth
                                 (no amulet)
HPRegen 0.29/turn                e - ring of willpower
MPRegen 0.09/turn                (no ring)

@: no status effects
A: horns 2, retaliatory headbutt
a: no special abilities


You were on level 4 of the Dungeon.
You visited 1 branch of the dungeon, and saw 4 of its levels.

You collected 148 gold pieces.

Inventory:

Hand Weapons
 a - a +0 war axe (weapon)
Missiles
 n - 5 poisoned darts (quivered)
Armour
 b - a +0 scale mail (worn)
 c - a +0 buckler (worn)
 f - a +0 cloak (worn)
 m - a +1 pair of boots (worn)
Jewellery
 e - a ring of willpower (left hand)
Wands
 p - a wand of iceblast (8)
Scrolls
 j - a scroll of identify
Potions
 d - 3 potions of might
 g - 2 potions of ambrosia
 h - a potion of lignification
 i - a potion of flight
 k - a potion of magic
 o - a potion of curing


   Skills:
 + Level 5.0 Fighting
 * Level 5.6 Axes
 + Level 1.2 Throwing
 + Level 5.0 Armour
 + Level 5.0 Shields


You had 5 spell levels left.
You didn't know any spells.
Your spell library contained the following spells:

 Spells                   Type           Power      Damage    Failure   Level
 Sandblast                Erth           0%         2d4       86%         1
 Passwall                 Tmut/Erth      0%         N/A       94%         2
 Stone Arrow              Conj/Erth      0%         3d7       99%         3
 Vhi's Electric Charge    Tloc/Air       0%         N/A       99%         3
 Arcjolt                  Conj/Air       0%         1d10      100%        5
 Maxwell's Capacitive Co  Air            0%         ∞         100%        8


Dungeon Overview and Level Annotations

Branches:
Dungeon (4/15)
 Temple: D:4-7

Altars:
Yredelemnul

Annotations:
D:4 Menkaure


Innate Abilities, Weirdness & Mutations

You have a pair of horns on your head.
You reflexively headbutt those who attack you in melee.


Message History

The scorpion stings you. The scorpion closely misses you.
You furiously retaliate!
You headbutt the scorpion.
You kill the scorpion!
Your Fighting skill increases to level 5!
Your Shields skill increases to level 5!
There is a stone staircase leading up, spattered with blood here.
As you read the scroll of identify, it crumbles to dust.
h - a potion of lignification
As you read the scroll of identify, it crumbles to dust.
i - a potion of flight
As you read the scroll of identify, it crumbles to dust.
k - a potion of magic
As you read the scroll of identify, it crumbles to dust.
o - a potion of curing HP restored.
Menkaure, Prince of Dust comes into view.
Menkaure calls on the powers of darkness!
Your body is wracked with pain!
Menkaure casts a spell.
Menkaure seems to speed up.
Found a stone staircase leading up.
You block Menkaure's attack.
You slash Menkaure!
Menkaure is heavily damaged.
Menkaure hums, "It doesn't hurt if you pull your brain out of your nose yourself."
Menkaure hits you but does no damage.
Menkaure gestures at you while chanting.
You struggle to resist.
You barely miss Menkaure. Your headbutt misses Menkaure.
Menkaure is heavily damaged.
Menkaure hits you.
You hit Menkaure.
You headbutt Menkaure, but do no damage.
Menkaure is severely damaged.
You feel your willpower return. Menkaure hits you!
* * * LOW HITPOINT WARNING * * *
You hit Menkaure but do no damage.
Menkaure is severely damaged.
Menkaure hits you!!
You die...

.. .##...#.##
.. #
#........## ...
..#....##..#
##.# #....
#..###..#
....#. ##..#..#
#.##### #....#
.. ###..####
###.......##
#....@.....#
#...#..M......#
..##..........#
# #............
#............
#............
##...........
#.......<...


You could see Menkaure (fast).

Vanquished Creatures
  A phantom (D:3)
  A necrophage (D:3)
  2 scorpions
  A jelly (D:3)
  Jessica (D:3)
  Robin (D:3)
  An adder (D:3)
  2 worms (D:3)
  A dart slug (D:1)
  5 orcs (D:3)
  3 ball pythons
  4 bats
  10 endoplasms
  A giant cockroach (D:2)
  8 goblins
  4 hobgoblins
  3 jackals (D:1)
  15 kobolds
  3 frilled lizards
  8 rats
75 creatures vanquished.

Notes
Turn   | Place    | Note
-------+----------+-------------------------------------------
     0 | D:1      | bmack86 the Minotaur Fighter began the quest for the Orb.
     0 | D:1      | Reached XP level 1. HP: 19/19 MP: 0/0
   222 | D:1      | Reached XP level 2. HP: 27/27 MP: 1/1
   697 | D:2      | Found a faded altar of an unknown god.
   773 | D:2      | Found a basalt altar of Yredelemnul.
   943 | D:2      | Reached XP level 3. HP: 33/33 MP: 2/2
  1296 | D:3      | Noticed a phantom
  1304 | D:3      | Killed a phantom
  1305 | D:3      | Reached XP level 4. HP: 41/41 MP: 3/3
  1548 | D:3      | Noticed a scorpion
  1558 | D:3      | Killed a scorpion
  1559 | D:3      | Reached XP level 5. HP: 47/47 MP: 4/4
  1703 | D:3      | Noticed Jessica
  1709 | D:3      | Killed Jessica
  1720 | D:3      | Reached skill level 5 in Axes
  1720 | D:3      | Reached XP level 6. HP: 37/55 MP: 5/5
  2013 | D:3      | Noticed Robin
  2029 | D:3      | Killed Robin
  2119 | D:3      | Reached skill level 1 in Throwing
  2119 | D:3      | Reached skill level 5 in Armour
  2146 | D:3      | Identified the -1 pair of boots of Heneereo {Rampage rF-
                  | rC+ Str+2}
  2489 | D:4      | Reached skill level 5 in Fighting
  2489 | D:4      | Reached skill level 5 in Shields
  2513 | D:4      | Noticed Menkaure
  2522 | D:4      | Slain by Menkaure

Illustrated notes

Levels and vault maps discovered:
D:1:      evilmike_arrival_fibonacci_small, layout_loops_ring
D:2:      layout_basic, hellmonk_ecumenical_altar_pennies_from_heaven,
          basic_altar
D:3:      minmay_octagon_keep, layout_loops_corners, item_on_display_a,
          uniq_jessica, uniq_robin
D:4:      layout_cave_pods, serial_shops, nicolae_diamond_shop,
          minmay_pentomino_pile, uniq_ijyb, uniq_menkaure

Skill      XL: |  1  2  3  4  5  6 |
---------------+-------------------+-----
Axes           | 3 4 5 |  5.6
Shields        | 4 5 |  5.0
Armour         | 4 5 |  5.0
Fighting       | 4 5 |  5.0
Throwing       | 1 |  1.2

Action                     |  1- 3 |  4- 6 || total
---------------------------+-------+-------++-------
  Melee: War axe           |    53 |    94 ||   147
         Headbutt          |     4 |    20 ||    24
    Use: Scroll            |     1 |     7 ||     8
 Armour: Scale mail        |    31 |    60 ||    91
  Dodge: Dodged            |    37 |    41 ||    78
  Block: Buckler           |    13 |    22 ||    35

Table legend: (Time is in decaauts)
 A = Elapsed time spent in this place.
 B = Non-inter-level travel time spent in this place.
 C = Inter-level travel time spent in this place.
 D = Time resting spent in this place.
 E = Time spent auto-exploring this place.
 F = Levels seen in this place.
 G = Mean time per level.
                   A        B        C        D        E       F      G
               +--------+--------+--------+--------+--------+-----+--------+
         Total |   2574 |   2489 |     85 |      0 |   1714 |   4 |  643.5 |
       Dungeon |   2574 |   2489 |     85 |      0 |   1714 |   4 |  643.5 |
               +--------+--------+--------+--------+--------+-----+--------+

Top non-repeatable levels by time:
     D:3: 1206 daAuts
     D:1: 681 daAuts
     D:2: 636 daAuts
     D:4: 49 daAuts
